 Seeded DCSS version 0.30.0-29-ga12c61a403 (webtiles) character file.

Game seed: 1914113980068931488 (custom seed)

54175 CInkIbrahim the Tortoise (level 14, -3/141 HPs)
             Began as a Gargoyle Fighter on June 15, 2023.
             Was an Initiate of Gozag.
             Slain by Saint Roka
             ... wielding a +4 long sword of flaming
              (18 damage)
             ... on level 1 of the Orcish Mines.
             The game lasted 00:36:54 (16586 turns).

CInkIbrahim the Tortoise (Gargoyle Fighter)        Turns: 16586, Time: 00:36:55

Health: -3/141     AC: 27    Str: 30    XL:     14   Next: 71%
Magic:  14/14      EV:  2    Int: 12    God:    Gozag
Gold:   1508       SH:  6    Dex: 12    Spells: 13/13 levels left

rFire   + . .        a - +4 trident of the Bright God {freeze, Dex+3}
rCold   + . .        c - +0 buckler
rNeg    + . .        g - melded +8 orange crystal plate armour {Archmagi, Int+3 Clar}
rPois   ∞            (helmet currently unavailable)
rElec   +            x - melded +2 cloak {rPois}
rCorr   +            (gloves currently unavailable)
SInv    .            Z - melded +0 pair of boots
Will    ++...        e - amulet of regeneration
Stlth   ++           V - ring of the Crown {Str+6 Slay+4}
HPRegen 1.23/turn    B - ring "Ynauph" {rElec Will+ Int+2 Stlth+}
MPRegen 0.14/turn

%: no passive effects
@: mighty, tree-form, resistant
A: stationary, stasis, torment immunity, boosted hp, sickness immunity, AC +10,
(big wings), negative energy resistance 1, (electricity resistance), torment
resistance 1, petrification resistance
a: End Transformation, Renounce Religion, Potion Petition, Call Merchant, Bribe
Branch


You were on level 1 of the Orcish Mines.
You worshipped Gozag.
Gozag was most pleased with you.
You were a tree.
You visited 4 branches of the dungeon, and saw 18 of its levels.
You also visited: Sewer, Ossuary and Bailey.

You collected 5156 gold pieces.
You spent 3166 gold pieces at shops.
You paid 482 gold pieces to Gozag.

Inventory:

Hand Weapons
 a - the +4 trident of the Bright God (weapon) {freeze, Dex+3}
   (You found it on level 4 of the Dungeon)

   Dex:       It affects your dexterity (+3).
 u - the +8 bardiche of the Witching Augurer {freeze, Dex+6}
   (You acquired it on level 10 of the Dungeon)

   Dex:       It affects your dexterity (+6).
 z - a +0 spectral trident
Armour
 c - a +0 buckler (worn)
 g - the +8 orange crystal plate armour (melded) {Archmagi, Int+3 Clar}
   (You bought it in a shop on level 3 of the Dungeon)

   Int:       It affects your intelligence (+3).
   Clar:      It protects you from confusion, rage, mesmerisation and fear.
 x - a +2 cloak of poison resistance (melded)
 y - a +2 ring mail of fire resistance
 L - a +0 kite shield
 R - a +1 leather armour of cold resistance
 Z - a +0 pair of boots (melded)
Jewellery
 e - an amulet of regeneration (around neck)
 q - the ring "Unoudghirr" {rElec rPois Str-2 Int+7 Dex+6}
   (You found it on level 5 of the Lair of Beasts)

   [ring of dexterity]

   Str:       It affects your strength (-2).
   Int:       It affects your intelligence (+7).
   Dex:       It affects your dexterity (+6).
   rElec:     It insulates you from electricity.
   rPois:     It protects you from poison.
 s - a ring of see invisible
 B - the ring "Ynauph" (right branch) {rElec Will+ Int+2 Stlth+}
   (You found it in a bailey)

   [ring of willpower]

   Int:       It affects your intelligence (+2).
   rElec:     It insulates you from electricity.
   Will:      It increases your willpower.
   Stlth:     It makes you more stealthy.
 H - a ring of ice
 U - a ring of fire
 V - the ring of the Crown (left branch) {Str+6 Slay+4}
   (You bought it in a shop on level 3 of the Dungeon)

   [ring of strength]

   Str:       It affects your strength (+6).
   Slay:      It affects your accuracy & damage with ranged weapons and melee
   (+4).
Wands
 p - a wand of iceblast (4)
 G - a wand of quicksilver (21)
 K - a wand of polymorph (15)
 M - a wand of flame (29)
 P - a wand of digging (8)
 T - a wand of paralysis (6)
Scrolls
 b - 7 scrolls of teleportation {unknown}
 d - a scroll of magic mapping
 j - 3 scrolls of butterflies
 l - 4 scrolls of immolation
 m - 5 scrolls of noise
 o - 2 scrolls of torment {unknown}
 t - 4 scrolls of amnesia
 v - 6 scrolls of fog
 w - 5 scrolls of enchant armour
 A - 2 scrolls of vulnerability {unknown}
 F - 2 scrolls of brand weapon
 I - a scroll of enchant weapon {unknown}
 O - a scroll of fear {unknown}
 Q - a scroll of acquirement
 S - 2 scrolls of silence {unknown}
Potions
 f - 6 potions of heal wounds
 h - a potion of magic
 i - a potion of ambrosia
 k - 5 potions of brilliance
 n - 8 potions of curing
 r - a potion of haste {unknown}
 D - a potion of resistance
 E - 5 potions of mutation
 W - a potion of invisibility
Miscellaneous
 Y - a lightning rod (4/4)


   Skills:
 + Level 13.5 Fighting
 + Level 14.0 Polearms
 + Level 15.9 Armour
 + Level 0.2 Dodging
 - Level 10.2 Shields
 + Level 0.1 Evocations


You had 13 spell levels left.
You didn't know any spells.
Your spell library contained the following spells:

 Spells                   Type           Power      Damage    Failure   Level
 Sandblast                Erth           0%         2d4       36%         1
 Passwall                 Tmut/Erth      0%         N/A       50%         2
 Hailstorm                Conj/Ice       0%         3d3       73%         3
 Stone Arrow              Conj/Erth      0%         3d7       73%         3
 Ice Form                 Ice/Tmut       0%         N/A       98%         4
 Olgreb's Toxic Radiance  Pois           0%         N/A       98%         4
 Petrify                  Tmut/Erth      0%         N/A       98%         4
 Summon Ice Beast         Ice/Summ       0%         N/A       98%         4
 Irradiate                Conj/Tmut      0%         3d11      100%        5
 Summon Mana Viper        Hex/Summ       0%         N/A       100%        5
 Monstrous Menagerie      Summ           0%         N/A       100%        7
 Discord                  Hex            0%         N/A       100%        8
 Ignition                 Fire           0%         3d3       100%        8
 Sublimation of Blood     Necr           Unusable   N/A       N/A         2
 Simulacrum               Ice/Necr       Unusable   N/A       N/A         6

Dungeon Overview and Level Annotations

Branches:
Dungeon (10/15)            Temple (1/1) D:4            Lair (5/5) D:10
  Swamp (0/4) Lair:3        Snake (0/4) Lair:2        Slime (0/5) Lair:5
    Orc (2/2) D:9           Sewer (visited)         Ossuary (visited)
 Bailey (visited)
    Elf: Orc:2

Altars:
Ashenzari
Cheibriados
Dithmenos
Elyvilon
Fedhas
Gozag
Hepliaklqana
Kikubaaqudgha
Makhleb
Nemelex Xobeh
Okawaru
Qazlal
Ru
Sif Muna
Trog
Uskayaw
Vehumet
Wu Jian
Xom
Yredelemnul
Zin
The Shining One
Jiyva

Shops:
D:2 *   D:3 *

Annotations:
Lair:5 1 runed translucent door
Orc:1 Saint Roka


Innate Abilities, Weirdness & Mutations

You are a tree.
Your roots penetrate the ground, keeping you stationary.
You cannot be teleported.
You are immune to unholy pain and torment.
Your maximum health is greatly increased.
Your equipment is partially melded.
You are immune to sickness and miasma.
((Your stone body is resilient. (AC +10)))
You are immune to poison.
((Your large and strong wings let you fly.))
You resist negative energy. (rN+)
((You are resistant to electric shocks. (rElec)))
You are resistant to unholy torment.
You are immune to petrification.


Message History

You hit Saint Roka but do no damage.
Saint Roka is heavily wounded.
Saint Roka invokes the aid of Beogh against you.
Beogh smites you!
* * * LOW HITPOINT WARNING * * *
You closely miss Saint Roka.
Saint Roka is heavily wounded.
You feel much better.
Saint Roka calls down the wrath of Beogh upon you.
Beogh smites you! [a] - 425 gold - lignification, might and resistance [b] - 260 gold - resistance [c] - 300 gold - invisibility and might Purchase which effect?
You turn into a tree.
Your +2 cloak of poison resistance melds into your body.
Your +0 pair of boots melds into your body.
The +8 orange crystal plate armour {Archmagi, Int+3 Clar} melds into your body.
You feel strangely numb.
Your roots penetrate the ground.
You feel mightier all of a sudden.
You feel protected.
Saint Roka hits you with a +4 long sword of flaming!
Saint Roka burns you.
You impale Saint Roka!! You freeze Saint Roka.
Saint Roka is heavily wounded.
Saint Roka hits you with a +4 long sword of flaming!
* * * LOW HITPOINT WARNING * * *
Saint Roka burns you.
* * * LOW HITPOINT WARNING * * *
You impale Saint Roka!! You freeze Saint Roka.
Saint Roka is severely wounded.
You puncture Saint Roka! You freeze Saint Roka.
Saint Roka is severely wounded.
Saint Roka invokes the aid of Beogh against you.
Beogh smites you!
* * * LOW HITPOINT WARNING * * *
You hit Saint Roka but do no damage.
Saint Roka is severely wounded.
Saint Roka hits you with a +4 long sword of flaming!!
You die...
Your body crumbles into a pile of gold.

################# ###
##.#.#.#b.#.##.#.###.####
#...........b.........#.##
##...#...bb.b.b......#...#
#.........bo♣bb....####..##
##.......b.bbbbb.####.#...#
##....#.bbb.bb[.........##
##....bb.bbbbbb.....#.##
###....#b.b..bbbbbb..####
###.##.#....bb.bb.bb......##
##....##..........b.........#
#......<..........b.#......##
#...#...............##...###


You could see Saint Roka (ally target).

Vanquished Creatures
  Kirke (Lair:3)
  3 dire elephants (Lair:5)
  Josephine (D:10)
  5 hydras
  3 catoblepae
  5 boulder beetles
  7 death yaks
  Sonja (Lair:3)
  A spectral death yak (Lair:5)
  A skyshark (Lair:5)
  A spectral anaconda (Lair:5)
  An obsidian statue (Lair:5)
  2 orc knights (Bailey)
  4 necromancers (Lair:5)
  5 black mambas
  A dire elephant zombie (Lair:5)
  14 elephants
  Joseph (D:8)
  11 cane toads
  A kobold demonologist (D:10)
  2 rime drakes
  5 komodo dragons
  3 trolls (D:10)
  A hornet (D:10)
  22 blink frogs
  4 wraiths (D:10)
  9 wyverns
  21 yaks
  4 basilisks
  2 hogs (Lair:3)
  Grum (D:8)
  A steam dragon (Lair:1)
  3 nagas (Lair:2)
  The ghost of mkat the Insei, an amateur HuTm (D:4)
  A spectral cane toad (Lair:5)
  An acid dragon (D:8)
  14 water moccasins
  Duvessa (D:5)
  18 orc warriors
  An ice beast (D:5)
  A sky beast (D:7)
  2 elephant zombies (Lair:5)
  3 black bears
  8 ogres
  10 wolves
  3 centaurs
  An elephant skeleton (Lair:5)
  3 phantoms
  8 kobold brigands
  11 bullfrogs
  A scorpion (D:5)
  A cane toad simulacrum (Lair:5)
  Dowan (D:5)
  A water moccasin skeleton (D:4)
  8 killer bees (D:9)
  6 howler monkeys
  7 electric eels
  2 bullfrog zombies (D:4)
  A centaur zombie (Ossuary)
  9 orc priests
  4 jellies
  Crazy Yiuf (D:3)
  2 gnoll boudas
  3 human zombies (Ossuary)
  Terence (D:2)
  2 sleepcaps
  4 iguanas
  12 orc wizards
  5 hell rats (Lair:2)
  2 mummies (Ossuary)
  11 gnolls
  9 adders
  7 river rats
  A shadow imp (D:5)
  3 white imps
  2 ufetubi
  2 adder zombies (Ossuary)
  5 worms
  A dart slug (D:2)
  69 orcs
  14 ball pythons
  2 endoplasms
  3 giant cockroaches
  11 goblins
  7 hobgoblins
  7 jackals
  8 quokkas
  2 bats (D:2)
  7 frilled lizards
  4 goblin zombies (Ossuary)
  9 hobgoblin zombies (Ossuary)
  A jackal zombie (Ossuary)
  33 kobolds
  8 kobold zombies (Ossuary)
  9 orc zombies (Ossuary)
  8 rats
550 creatures vanquished.

Vanquished Creatures (others)
  A human (Lair:3)
  An orc wizard (D:6)
2 creatures vanquished.

Grand Total: 552 creatures vanquished

Notes
Turn   | Place    | Note
-------+----------+-------------------------------------------
     0 | D:1      | CInkIbrahim the Gargoyle Fighter began the quest for the
                  | Orb.
     0 | D:1      | Reached XP level 1. HP: 14/14 MP: 1/1
   263 | D:1      | Reached XP level 2. HP: 18/19 MP: 2/2
   852 | D:2      | Reached XP level 3. HP: 23/23 MP: 3/3
   940 | D:2      | Noticed Terence
   948 | D:2      | Killed Terence
  1143 | D:2      | Reached XP level 4. HP: 24/28 MP: 4/4
  1259 | D:2      | You fall into a shaft and drop 2 floors!
  1383 | D:2      | Found Wosol's General Store.
  1388 | D:2      | Bought a potion of curing for 33 gold pieces
  2127 | D:3      | Found Ismik's General Store.
  2163 | D:3      | Reached XP level 5. HP: 31/32 MP: 5/5
  2172 | D:3      | Found a runed translucent door.
  2173 | D:3      | Noticed Crazy Yiuf
  2317 | D:3      | Killed Crazy Yiuf
  2382 | D:4      | Noticed a centaur
  2394 | D:4      | Killed a centaur
  2395 | D:4      | Reached skill level 5 in Polearms
  2395 | D:4      | Reached XP level 6. HP: 37/37 MP: 6/6
  2513 | D:4      | Found a transporter.
  2515 | D:4      | Noticed mkat's ghost (amateur HuTm)
  2516 | D:4      | Found a transporter.
  2674 | D:4      | Found a staircase to the Ecumenical Temple.
  2690 | D:4      | Reached XP level 7. HP: 40/41 MP: 7/7
  2712 | Temple   | Entered the Ecumenical Temple
  2804 | Temple   | Became a worshipper of Gozag Ym Sagoz the Greedy
  2873 | D:4      | Identified the +4 trident of the Bright God {freeze, Dex+3}
  3045 | D:4      | Killed mkat's ghost
  3115 | D:5      | Entered Level 5 of the Dungeon
  3157 | D:5      | Found a sand-covered staircase.
  3171 | Ossuary  | Entered an ossuary
  3394 | Ossuary  | Reached XP level 8. HP: 40/46 MP: 8/8
  3673 | D:5      | Found a glowing drain.
  3677 | Sewer    | Entered a sewer
  4281 | D:5      | Noticed Duvessa
  4281 | D:5      | Noticed Dowan
  4286 | D:5      | Killed Duvessa
  4287 | D:5      | Reached skill level 10 in Polearms
  4294 | D:5      | Killed Dowan
  4331 | D:5      | Reached XP level 9. HP: 51/51 MP: 9/9
  4544 | D:5      | Identified the +5 dagger of Anguish {freeze, *Slow rF+++
                  | Dex-2 SInv}
  4841 | D:5      | Found a glowing golden altar of the Shining One.
  4851 | D:5      | Identified the +10 flail of the Thieving Gods {venom, rF-
                  | rN+ Str+8 Int-3}
  4858 | D:5      | Found a snail-covered altar of Cheibriados.
  4865 | D:5      | Found a shimmering blue altar of Sif Muna.
  5208 | D:6      | Found a blossoming altar of Fedhas.
  5208 | D:6      | Found a white marble altar of Elyvilon.
  6426 | D:7      | Found a hide-covered altar of Uskayaw.
  6471 | D:7      | Found a basalt altar of Yredelemnul.
  6970 | D:7      | Reached XP level 10. HP: 56/56 MP: 10/10
  7071 | D:8      | Noticed Joseph
  7081 | D:8      | Killed Joseph
  7224 | D:8      | Noticed Grum
  7391 | D:8      | Killed Grum
  7917 | D:3      | Bought a scroll of identify for 28 gold pieces
  7917 | D:3      | Bought a scroll of magic mapping for 105 gold pieces
  8025 | D:9      | Found a flagged portal.
  8051 | Bailey   | Entered a bailey
  8131 | Bailey   | Reached skill level 4 in Armour
  8393 | Bailey   | Noticed an orc knight
  8393 | Bailey   | Noticed an orc knight
  8435 | Bailey   | Killed an orc knight
  8436 | Bailey   | Reached skill level 5 in Fighting
  8436 | Bailey   | Reached skill level 5 in Armour
  8436 | Bailey   | Reached skill level 5 in Shields
  8436 | Bailey   | Reached XP level 11. HP: 44/63 MP: 11/11
  8443 | Bailey   | Killed an orc knight
  8471 | Bailey   | Identified the ring "Ynauph" {rElec Will+ Int+2 Stlth+}
  8742 | D:9      | Found a staircase to the Orcish Mines.
  8789 | D:9      | Reached skill level 6 in Armour
  9288 | D:3      | Bought the +8 orange crystal plate armour {Archmagi, Int+3
                  | Clar} for 2023 gold pieces
  9288 | D:3      | Found the +8 orange crystal plate armour {Archmagi, Int+3
                  | Clar}
  9434 | D:10     | Entered Level 10 of the Dungeon
  9526 | D:10     | Found a hazy altar of Hepliaklqana.
  9537 | D:10     | Noticed Josephine
  9561 | D:10     | Killed Josephine
  9562 | D:10     | Reached skill level 7 in Armour
  9624 | D:10     | Reached skill level 8 in Armour
  9853 | D:10     | Found a staircase to the Lair.
 10204 | D:10     | Identified a scroll of acquirement
 10345 | D:3      | Bought 2 potions of heal wounds for 140 gold pieces
 10518 | Lair:1   | Entered Level 1 of the Lair of Beasts
 10736 | Lair:1   | Identified the +6 plate armour of the Exceptional God {Harm
                  | Int+4 Slay+3}
 10849 | Lair:1   | You fall into a shaft and drop 1 floor!
 10856 | Lair:2   | Reached skill level 9 in Armour
 10880 | Lair:2   | Reached XP level 12. HP: 73/73 MP: 12/12
 10919 | Lair:2   | Noticed an eight-headed hydra
 10936 | Lair:2   | Killed an eight-headed hydra
 11256 | Lair:2   | Reached skill level 10 in Armour
 11438 | Lair:2   | Noticed a catoblepas
 11492 | Lair:2   | Killed a catoblepas
 11493 | Lair:2   | Reached skill level 11 in Armour
 11536 | Lair:2   | Found a staircase to the Snake Pit.
 11918 | Lair:1   | Noticed a boulder beetle
 11993 | Lair:1   | Reached skill level 12 in Armour
 12078 | Lair:1   | Killed a boulder beetle
 12504 | D:3      | Bought the ring of the Crown {Str+6 Slay+4} for 837 gold
                  | pieces
 12759 | Lair:3   | Noticed a catoblepas
 12770 | Lair:3   | Killed a catoblepas
 12771 | Lair:3   | Reached skill level 10 in Fighting
 12795 | Lair:3   | Noticed a boulder beetle
 12811 | Lair:3   | Killed a boulder beetle
 12828 | Lair:3   | Noticed Kirke
 12850 | Lair:3   | Reached XP level 13. HP: 77/82 MP: 13/13
 12851 | Lair:3   | Killed Kirke
 12852 | Lair:3   | Reached skill level 13 in Armour
 13176 | Lair:3   | Reached skill level 14 in Armour
 13314 | Lair:3   | Noticed Sonja
 13320 | Lair:3   | Killed Sonja
 13347 | Lair:3   | Found a staircase to the Swamp.
 13871 | Lair:4   | Found an ornate altar of the Wu Jian Council.
 13872 | Lair:4   | Found a hide-covered altar of Uskayaw.
 13918 | Lair:4   | Acquired the +8 bardiche of the Witching Augurer {freeze,
                  | Dex+6}
 14340 | Lair:5   | Entered Level 5 of the Lair of Beasts
 14724 | Lair:5   | Gained mutation: Your large and strong wings let you fly.
                  | [Gargoyle growth]
 14724 | Lair:5   | Reached XP level 14. HP: 90/92 MP: 14/14
 14735 | Lair:5   | Reached skill level 15 in Armour
 14813 | Lair:5   | Found a runed translucent door.
 14814 | Lair:5   | Found a viscous altar of Jiyva.
 14814 | Lair:5   | Noticed an azure jelly
 14815 | Lair:5   | Noticed an azure jelly
 14816 | Lair:5   | Found a staircase to the Slime Pits.
 14816 | Lair:5   | Noticed an azure jelly
 15653 | Lair:5   | Noticed a dire elephant
 15653 | Lair:5   | Noticed a dire elephant
 15653 | Lair:5   | Noticed a dire elephant
 15999 | Lair:5   | Killed a dire elephant
 16000 | Lair:5   | Reached skill level 10 in Shields
 16011 | Lair:5   | Killed a dire elephant
 16026 | Lair:5   | Killed a dire elephant
 16051 | Lair:5   | Identified the ring "Unoudghirr" {rElec rPois Str-2 Int+7
                  | Dex+6}
 16155 | Lair:5   | Identified the ring "Rewuc" {rElec rF- rC- rN+ Dex+6}
 16362 | Orc:1    | Entered Level 1 of the Orcish Mines
 16541 | Orc:2    | Entered Level 2 of the Orcish Mines
 16546 | Orc:2    | Noticed Saint Roka
 16586 | Orc:1    | Slain by Saint Roka

Illustrated notes

Levels and vault maps discovered:
D:1:      dpeg_arrival_stone_temple_mockup, layout_basic, corner_web_ring,
          feat_on_display
D:2:      layout_loops_corners, serial_shops, shop, uniq_terence
D:3:      layout_rooms, serial_shops, nicolae_shop_window_shopping,
          minmay_misc_feat_five, uniq_crazy_yiuf_cottage
D:4:      layout_rooms, minmay_temple_entry_hall, gammafunk_ghost_mausoleum
D:5:      layout_loops_ring, minmay_overflow_temple_star_quad, enter_ossuary_2,
          gup_sewer_entry_spiral, uniq_duvessa
D:6:      layout_layer_cave, mainiacjoe_overflow_divided_tiny
D:7:      layout_loops_ring, yredelemnul_altar_generic,
          mainiacjoe_overflow_surrounded_room, kennysheep_decorative_pillar
D:8:      layout_gridville, kennysheep_small_square, uniq_grum, uniq_joseph
D:9:      layout_roguey, david_orc_5, enter_bailey_5
D:10:     layout_long_grid, mainiacjoe_overflow_boulevard, lair_entry_dummy,
          uniq_josephine
Temple:   eino_temple_lava
Lair:1:   layout_long_grid, pdpol_lair_cavern_descent
Lair:2:   layout_chaotic_city, nicolae_snake_entry_squirm
Lair:3:   layout_hall_layers, swamp_mist_pool, grunt_megastairs_5, uniq_kirke,
          uniq_sonja
Lair:4:   layout_loops_ring, nzn_masters_of_martial_movement, grunt_megastairs_1
Lair:5:   due_jungle_book, layout_cave_pods, slime_entry_2, serial_bayou_lake_a,
          infiniplex_staircase_pool
Orc:1:    layout_caves, uniq_maurice
Orc:2:    st_orc_congregation, layout_diamond_mine, basic_altar, uniq_saint_roka

Skill      XL: |  1  2  3  4  5  6  7  8  9 10 11 12 13 14 |
---------------+-------------------------------------------+-----
Polearms       | 2 3 4 5 6 8 10 12 14 | 14.0
Fighting       | 5 7 10 12 13 | 13.5
Armour         | 5 9 12 14 15 | 15.9
Shields        | 5 6 8 10 | 10.2
Dodging        | |  0.2
Evocations     | |  0.1

Action                     |  1- 3 |  4- 6 |  7- 9 | 10-12 | 13-15 || total
---------------------------+-------+-------+-------+-------+-------++-------
  Melee: Trident           |   112 |   201 |   519 |   866 |   643 ||  2341
 Invoke: Potion Petition   |       |       |       |       |     1 ||     1
  Evoke: Wand              |       |     1 |       |    15 |     1 ||    17
    Use: Scroll            |     3 |     6 |     6 |    12 |     4 ||    31
         Potion            |       |     2 |     2 |     5 |     4 ||    13
   Stab: Paralysed         |       |     3 |       |     6 |       ||     9
         Distracted        |       |       |     3 |     3 |     1 ||     7
         Petrified         |       |       |       |     2 |     4 ||     6
         Petrifying        |       |       |       |     1 |       ||     1
 Armour: Scale mail        |    37 |    43 |       |       |       ||    80
         Ring mail         |       |    57 |   193 |    89 |       ||   339
         Crystal plate arm |       |       |       |   249 |   310 ||   559
  Dodge: Dodged            |    23 |    99 |   189 |   179 |    94 ||   584
  Block: Buckler           |     9 |    44 |    65 |   114 |    72 ||   304
